 Dungeon Crawl Stone Soup version 0.24-a0-201-gf205589 (webtiles) character file.

Game seed: 10573953477247792338

2697 Borgoz the Slicer (level 9, -1/59 HPs)
             Began as a Halfling Gladiator on Mar 24, 2019.
             Slain by an orc knight
             ... wielding a +0 halberd
              (31 damage)
             ... in a bailey.
             The game lasted 00:18:18 (7473 turns).

Borgoz the Slicer (Halfling Gladiator)              Turns: 7473, Time: 00:18:19

Health: -1/59      AC: 21    Str: 18    XL:     9   Next: 97%
Magic:  5/9        EV: 15    Int:  9    God:
Gold:   119        SH:  0    Dex: 20    Spells: 5/8 levels left

rFire    + . .     SeeInvis .   n - +3 dagger (venom)
rCold    x . .     Gourm    .   (shield restricted)
rNeg     . . .     Faith    .   E - +8 chain mail of Dyspraxia {Str+3 Dex+4}
rPois    .         Spirit   .   c - +0 helmet
rElec    .         Reflect  .   C - +0 cloak
rCorr    .         Harm     .   (no gloves)
MR       .....                  (no boots)
Stlth    ..........             H - amulet of rage
HPRegen  0.19/turn              i - ring of fire
MPRegen  0.11/turn              (no ring)

@: very slightly contaminated, hasted, very quick
A: small, mutation resistance 1
a: Evoke Berserk Rage


You were in a bailey.
You were not hungry.

You visited 2 branches of the dungeon, and saw 8 of its levels.
You also visited: Bailey.

You collected 506 gold pieces.
You spent 387 gold pieces at shops.

Inventory:

Hand Weapons
 a - a +0 rapier
 n - a +3 dagger of venom (weapon)
 B - a +3 quarterstaff of chaos
Missiles
 d - 2 throwing nets (quivered)
 e - 58 poisoned needles
 l - 3 tomahawks
Armour
 b - the +0 robe of Beyneeg {Regen+ Str+4}
   (You found it on level 4 of the Dungeon)

   It affects your strength (+4).
   It increases your rate of regeneration.
 c - a +0 helmet (worn)
 g - a +0 ring mail
 p - the cursed +0 helmet "Bewa" {*Slow rPois rN+}
   (You took it off Robin on level 2 of the Dungeon)

   It protects you from poison.
   It protects you from negative energy.
   It may slow you when you take damage.
   It has a curse placed upon it.
 q - a +1 leather armour of cold resistance
 C - a +0 cloak (worn)
 E - the +8 chain mail of Dyspraxia (worn) {Str+3 Dex+4}
   (You found it on level 5 of the Dungeon)

   It affects your strength (+3).
   It affects your dexterity (+4).
 J - a cursed +0 chain mail
Jewellery
 i - a ring of fire (left hand)
 H - an amulet of rage (around neck)
Wands
 M - a wand of disintegration (8)
Scrolls
 h - a scroll of enchant armour {unknown}
 m - 4 scrolls of fear
 o - a scroll of enchant weapon
 s - 4 scrolls of teleportation
 w - 2 scrolls of magic mapping {unknown}
 x - 3 scrolls of immolation {unknown}
 y - 2 scrolls of remove curse
 N - a scroll of amnesia {unknown}
Potions
 j - 4 potions of flight
 k - 2 potions of curing
 r - a potion of ambrosia
 t - 2 potions of lignification
 u - 2 potions of might
 z - a potion of agility
 D - a potion of brilliance
 G - a potion of haste
 O - a potion of resistance
Comestibles
 f - 9 rations


   Skills:
 + Level 4.4 Fighting
 * Level 8.5 Short Blades
 - Level 2.0 Throwing
 * Level 6.9 Armour
 * Level 7.8 Dodging
 + Level 5.1 Stealth


You had 5 spell levels left.
You knew the following spells:

 Your Spells              Type           Power        Failure   Level  Hunger
a - Mephitic Cloud        Conj/Pois/Air  #.......     100%        3    ####...

Your spell library contained the following spells:

 Spells                   Type           Power        Failure   Level  Hunger
 Magic Dart               Conj           #...         99%         1    ##.....
 Blink                    Tloc           N/A          99%         2    ###....
 Call Imp                 Summ           #.......     99%         2    ###....
 Slow                     Hex            #.......     99%         2    ###....
 Conjure Flame            Conj/Fire      #.......     100%        3    ####...


Dungeon Overview and Level Annotations

Branches:
Dungeon (7/15)             Temple (1/1) D:6

Altars:
Cheibriados
Dithmenos
Elyvilon
Fedhas
Gozag
Hepliaklqana
Kikubaaqudgha
Okawaru
Qazlal
Ru
Trog
Vehumet
Xom
Yredelemnul
Zin
The Shining One

Shops:
D:4 ??   D:7 *?


Innate Abilities, Weirdness & Mutations

You are small and have problems with some larger weapons.
You are somewhat resistant to further mutation.


Message History

The orc warrior is almost dead.
The orc warrior closely misses you.
You hit the orc warrior.
The orc warrior looks as sick as possible!
The orc warrior is almost dead.
You kill the orc warrior!
No reachable target in view!
No reachable target in view!
Evoke which item? (* to show all) (? for menu, Esc to quit)
Okay, then.
Evoke which item? (* to show all) (? for menu, Esc to quit)
Okay, then.
You feel yourself speed up. The orc knight misses you.
Things that are here:
a +0 halberd; a +0 ring mail The orc knight hits you from afar with a +0 halberd!!
The orc knight hits you from afar with a +0 halberd!!
Ouch! That really hurt!
You die...

.#############'###'#########.≈.#
.## #.....§...##.....##.≈.# ..##
..≈≈≈≈§≈≈..##...##.)≈.# ≈..##
.≈§..§..§≈..##.##..≈≈.# ≈≈..#
≈≈..⌠∩§§.≈≈).#'#..≈≈.∩# ≈≈..#
≈≈...⌠..o≈≈..#'#..≈≈.## ≈..##
.≈≈....o≈≈..##.##..≈≈.# ..##
..≈≈≈≈§§≈.)##...##).≈.# .##.$$
#......@..#'.....##.≈.# .#####
#####+#############.≈.# ..#####
##.......)..≈.# ≈≈≈≈≈≈#######
##..≈≈≈≈≈≈≈≈≈≈.# .......##).)##
##..≈≈..........#
#####.##.)≈))###).≈≈..##########
##...##...≈≈.)...≈≈..##
..#######..≈≈≈≈≈≈≈..## ###
##.........##


You could see 2 orc knights.

Vanquished Creatures
  An orc knight (Bailey)
  A hungry ghost (D:4)
  A black bear (D:7)
  An ice beast (D:6)
  A phantom (D:6)
  A sky beast (D:4)
  5 orc warriors
  2 centaurs (D:6)
  A big kobold (D:5)
  3 bullfrogs
  A wyvern zombie (D:7)
  A water moccasin zombie (D:4)
  A howler monkey (D:5)
  2 centaur zombies
  Crazy Yiuf (D:2)
  5 hounds
  A jelly (D:5)
  4 orc priests
  3 orc wizards
  Jessica (D:2)
  3 worker ants (D:4)
  A hound zombie (D:7)
  A howler monkey zombie (D:7)
  Robin (D:2)
  8 adders
  An ooze (D:4)
  An adder zombie (D:7)
  4 worms
  2 dart slugs
  2 leopard geckos
  24 orcs
  6 giant cockroaches
  19 goblins
  12 hobgoblins
  7 kobolds
  3 quokkas
  A ball python (D:1)
  5 bats
  9 frilled lizards
  A jackal skeleton (D:4)
  A leopard gecko zombie (D:7)
  6 rats
155 creatures vanquished.

Notes
Turn   | Place    | Note
-------+----------+-------------------------------------------
     0 | D:1      | Borgoz the Halfling Gladiator began the quest for the Orb.
     0 | D:1      | Reached XP level 1. HP: 14/14 MP: 1/1
   378 | D:1      | Reached XP level 2. HP: 19/19 MP: 2/2
   508 | D:1      | Reached skill level 1 in Armour
   529 | D:1      | Reached skill level 4 in Short Blades
   924 | D:2      | Reached XP level 3. HP: 24/24 MP: 3/3
   979 | D:2      | Found a glowing golden altar of the Shining One.
  1118 | D:2      | Found a runed translucent door.
  1119 | D:2      | Noticed Crazy Yiuf
  1156 | D:2      | Identified the cursed +0 helmet "Bewa" {*Slow rPois rN+}
  1156 | D:2      | Noticed Robin
  1196 | D:2      | Killed Robin
  1196 | D:2      | Reached skill level 1 in Stealth
  1196 | D:2      | Reached XP level 4. HP: 29/29 MP: 4/4
  1332 | D:2      | You fall through a shaft for 2 floors!
  1503 | D:4      | Noticed a sky beast
  1519 | D:4      | Killed a sky beast
  1519 | D:4      | Reached XP level 5. HP: 24/35 MP: 5/5
  1629 | D:4      | Reached XP level 6. HP: 38/41 MP: 6/6
  1630 | D:4      | Reached skill level 5 in Short Blades
  1852 | D:4      | Noticed a hungry ghost
  1854 | D:4      | Reached XP level 7. HP: 35/45 MP: 7/7
  1890 | D:4      | Killed a hungry ghost
  1890 | D:4      | Reached skill level 5 in Dodging
  2139 | D:4      | Found Mena's Magic Scroll Emporium.
  2152 | D:4      | Bought a scroll of identify for 20 gold pieces
  2275 | D:4      | Got a distressingly furry robe
  2726 | D:4      | Found Zookitti's Magic Scroll Shop.
  2729 | D:4      | Bought a scroll of identify for 28 gold pieces
  2729 | D:4      | Bought 2 scrolls of identify for 56 gold pieces
  2730 | D:4      | Identified the cursed +0 robe of Beyneeg {Regen+ Str+4}
                  | (You found it on level 4 of the Dungeon)
  2910 | D:3      | Reached skill level 6 in Short Blades
  3332 | D:3      | Found a radiant altar of Vehumet.
  3633 | D:2      | Noticed Jessica
  3639 | D:2      | Killed Jessica
  3639 | D:2      | Reached XP level 8. HP: 51/52 MP: 8/8
  4056 | D:2      | Killed Crazy Yiuf
  4184 | D:5      | Entered Level 5 of the Dungeon
  4361 | D:5      | Got a pitted chain mail
  4460 | D:5      | Found a stormy altar of Qazlal.
  4676 | D:6      | Reached skill level 5 in Armour
  4835 | D:6      | Reached skill level 7 in Short Blades
  5020 | D:6      | Found a staircase to the Ecumenical Temple.
  5028 | D:6      | Reached XP level 9. HP: 38/58 MP: 9/9
  5040 | Temple   | Entered the Ecumenical Temple
  5670 | D:7      | Found a flagged portal.
  5695 | D:7      | Found Limnyupt's General Store.
  5739 | D:7      | Bought a potion of might for 48 gold pieces
  5826 | D:7      | Found Dosaampo's Magic Scroll Shop.
  5833 | D:7      | Bought a scroll of blinking for 82 gold pieces
  5833 | D:7      | Bought a scroll of teleportation for 33 gold pieces
  5833 | D:7      | Bought a scroll of enchant weapon for 82 gold pieces
  5833 | D:7      | Bought a scroll of fear for 38 gold pieces
  6102 | Bailey   | Entered a bailey
  6106 | Bailey   | Identified the +8 chain mail of Dyspraxia {Str+3 Dex+4}
                  | (You found it on level 5 of the Dungeon)
  6197 | Bailey   | Reached skill level 8 in Short Blades
  6441 | Bailey   | Noticed an orc knight
  6442 | Bailey   | Noticed an orc knight
  6442 | Bailey   | Noticed an orc knight
  7248 | Bailey   | Learned a level 3 spell: Mephitic Cloud
  7298 | Bailey   | Killed an orc knight
  7298 | Bailey   | Reached skill level 5 in Stealth
  7473 | Bailey   | Slain by an orc knight

Levels and vault maps discovered:
D:1:      roderic_octagonal_star, layout_basic
D:2:      layout_basic, lemuel_crystal_altar, roderic_serpentine_path,
          uniq_robin, uniq_jessica, uniq_crazy_yiuf_cottage
D:3:      layout_loops_ring, overflow_temple_1_default
D:4:      layout_layer_cave, serial_shops, nicolae_shop_statue_plus,
          kennysheep_mini_moat
D:5:      layout_basic, lemuel_coloured_pillars_altar, first_ration
D:6:      layout_basic, minmay_temple_entry_overgrown
D:7:      layout_loops_cross, enter_bailey_2, serial_shops,
          nicolae_shop_crystal, nicolae_shop_crystal, shop, shop, shop
Temple:   cyrus_circular_temple
Bailey:   bailey_polearm_1, bailey

Skill      XL: |  1  2  3  4  5  6  7  8  9 |
---------------+----------------------------+-----
Armour         | 1 2 3 4 5 6 |  6.9
Short Blades   | 4 5 6 7 8 |  8.5
Fighting       | 2 3 4 |  4.4
Stealth        | 1 2 3 4 5 |  5.1
Dodging        | 4 5 6 7 |  7.8
Throwing       | |  2.0

Action                   |  1- 3 |  4- 6 |  7- 9 || total
-------------------------+-------+-------+-------++-------
Melee: Rapier            |    32 |       |       ||    32
       Dagger            |    58 |   108 |   482 ||   648
Throw: Throwing net      |       |       |     2 ||     2
 Cast: Mephitic Cloud    |       |       |     1 ||     1
Evoke: Wand              |       |       |    10 ||    10
  Use: Scroll            |       |       |    19 ||    19
       Potion            |       |       |     1 ||     1
 Stab: Sleeping          |       |       |    14 ||    14
  Eat: Chunk             |     1 |     2 |    21 ||    24
       Ration            |       |       |     1 ||     1
Armor: Ring mail         |    27 |    26 |    11 ||    64
       Robe              |       |       |    39 ||    39
       Chain mail        |       |       |    21 ||    21
Dodge: Dodged            |    57 |    68 |   325 ||   450

Table legend:
 A = Non-vault XP
 B = Vault XP
 C = Vault XP percentage of total XP
 D = Non-vault monster count
 E = Vault monster count
 F = Vault count percentage of total count
                 A         B        C        D         E       F
            +---------+---------+-------+---------+---------+-------
      Total |    2661 |    1193 |  31.0 |     125 |      30 |  19.4
            +---------+---------+-------+---------+---------+-------
        D:1 |      26 |       0 |   0.0 |      16 |       0 |   0.0
        D:2 |      36 |     118 |  76.6 |      18 |      15 |  45.5
        D:3 |      83 |       0 |   0.0 |      20 |       0 |   0.0
        D:4 |     806 |       0 |   0.0 |      31 |       0 |   0.0
        D:5 |     253 |       0 |   0.0 |      12 |       0 |   0.0
        D:6 |     983 |       0 |   0.0 |      16 |       0 |   0.0
        D:7 |     474 |       0 |   0.0 |      12 |       0 |   0.0
     Bailey |       0 |    1075 | 100.0 |       0 |      15 | 100.0
            +---------+---------+-------+---------+---------+-------
